AoeStats
← dunpeal30

Pilgrims

509452655Analyzed
4v4 RM · 4d ago on Sep 26, 2026· 40m 24s· 8 players
Game mode
Random Map
Map size
Large (8 player)
Population
200
Speed
Normal
Resources
Standard
Victory
Conquest
Starting age
Dark Age
Ending age
Imperial Age
RankedLock teamsTeams togetherTeam positionsShared explorationLock speedFull tech treeHidden civsTurbo modeCheats
Victory
Defeat
🇩🇪 Vikings · Germany
1217
+15
🇫🇷 Varangians · France
1160
+18
🇩🇪 Celts · Germany
1123
+19
🇬🇧 Goths · United Kingdom
1115
+19
🇷🇴 Varangians · Romania
1242
-20
🇷🇴 Byzantines · Romania
1204
-18
🇷🇴 Bengalis · Romania
1181
-17
🇷🇴 Japanese · Romania
1156
-16
ElectroPower84
10:03 Loom
13:58 Feudal Age
14:47 Fishing Lines
15:08 Double-Bit Axe
17:45 Castle Age
16:02 Fletching
16:46 Padded Archer Armor
17:33 Scale Mail Armor
17:44 Forging
18:22 Bodkin Arrow
18:34 Gillnets
19:14 Chain Mail Armor
26:57 Iron Casting
27:59 Wheelbarrow
27:10 Town Watch
27:44 Squires
27:30 Gambesons
27:33 Arson
27:44 Gold Mining
27:45 Stone Mining
27:37 Horse Collar
28:08 Bow Saw
30:05 Hand Cart
33:03 Heavy Plow
33:43 Ballistics
36:55 Imperial Age
35:15 Bloodlines
35:06 Husbandry
35:16 Scale Barding Armor
35:27 Treadmill Crane
35:58 Masonry
36:55 Chain Barding Armor
37:17 Husbandry
37:43 Cavalier
39:01 Plate Barding Armor
39:27 Blast Furnace
dunpeal30
10:58 Feudal Age
11:44 Double-Bit Axe
13:24 Loom
15:08 Fletching
23:51 Castle Age
31:31 Bodkin Arrow
31:29 Fishing Lines
32:13 Horse Collar
35:19 Heavy Plow
35:42 Bow Saw
38:20 Scale Mail Armor
38:30 Forging
38:17 Town Watch
39:50 Chain Mail Armor
41:04 Iron Casting
Reju333
10:06 Loom
12:43 Feudal Age
13:25 Double-Bit Axe
13:45 Gold Mining
22:09 Fishing Lines
27:16 Wheelbarrow
32:16 Castle Age
32:33 Elite Skirmisher
GAF_TinTin
7:57 Loom
14:25 Feudal Age
14:42 Man-at-Arms
16:45 Fishing Lines
17:49 Double-Bit Axe
19:26 Horse Collar
22:59 Castle Age
23:12 Long Swordsman
23:53 Squires
24:06 Gillnets
26:38 Scale Mail Armor
26:49 Forging
29:57 Chain Mail Armor
30:17 Iron Casting
31:11 Anarchy
34:01 Wheelbarrow
38:14 Imperial Age
39:58 Perfusion
ionut_s
5:19 Loom
14:00 Feudal Age
22:55 Castle Age
20:55 Double-Bit Axe
21:05 Gold Mining
24:53 Horse Collar
25:29 Bow Saw
25:57 Stone Mining
28:22 Fishing Lines
32:12 Bloodlines
32:02 Husbandry
32:32 Scale Barding Armor
32:38 Forging
36:02 Heavy Plow
38:35 Chain Barding Armor
#usordegasit
8:08 Loom
18:11 Feudal Age
18:22 Man-at-Arms
27:16 Double-Bit Axe
33:38 Castle Age
38:15 Castle Age
veginality
8:43 Loom
11:33 Feudal Age
12:56 Double-Bit Axe
14:58 Fletching
15:05 Fishing Lines
17:32 Castle Age
18:11 Bodkin Arrow
18:44 Bow Saw
18:38 Gillnets
24:33 Wheelbarrow
23:56 Town Watch
24:47 Wheelbarrow
31:31 Hand Cart
31:44 Scale Mail Armor
31:54 Forging
35:19 Fervor
37:06 Stone Mining
37:08 Gold Mining
37:05 Horse Collar
39:36 Squires
39:21 Arson
AestivalCloud79
5:12 Loom
12:06 Feudal Age
20:31 Double-Bit Axe
26:03 Castle Age
23:56 Fletching
24:38 Padded Archer Armor
25:06 Gold Mining
26:06 Crossbowman
27:31 Bodkin Arrow
Connection lost

Rejoining the realm…

Still unreachable

The connection could not be restored.

Session expired

The server has moved on; the page needs a fresh start.